 Dungeon Crawl Stone Soup version 0.27.1-35-g4d5d836560 (webtiles) character file.

Game seed: 1733437772611121594

779 Delamore the Covert (level 7, -2/45 HPs)
             Began as an Octopode Brigand on Mar 1, 2022.
             Slain by a sky beast (6 damage)
             ... on level 6 of the Dungeon.
             The game lasted 00:06:05 (4202 turns).

Delamore the Covert (Octopode Brigand)              Turns: 4202, Time: 00:06:06

Health: -2/45      AC:  1    Str: 10    XL:     7   Next: 85%
Magic:  17/17      EV: 12    Int: 14    God:
Gold:   289        SH:  0    Dex: 15    Spells: 4/7 levels left

rFire    . . .     SeeInvis .   a - +2 dagger (freeze)
rCold    . . .     Faith    .   (no shield)
rNeg     . . .     Spirit   .   (helmet restricted)
rPois    +         Reflect  .   (no amulet)
rElec    .         Harm     .   n - ring of poison resistance
rCorr    .         Rampage  .   e - ring of magical power
Will     .....                  (no ring)
Stlth    +++++.....             (no ring)
HPRegen  0.15/turn              (no ring)
MPRegen  0.15/turn              (no ring)
                                (no ring)
                                (no ring)

@: attractive
A: almost no armour, amphibious, 8 rings, camouflage 1, gelatinous body 1,
(nimble swimmer 1), tentacles
a: no special abilities


You were on level 6 of the Dungeon.
You visited 1 branch of the dungeon, and saw 6 of its levels.

You collected 289 gold pieces.

Inventory:

Hand Weapons
 a - a +2 dagger of freezing (weapon)
 g - a +2 short sword of venom
 j - a +0 dagger of speed
Missiles
 b - 17 poisoned darts
 c - 2 curare-tipped darts (quivered)
Jewellery
 e - a ring of magical power (right tentacle)
 n - a ring of poison resistance (left tentacle)
Wands
 x - a wand of iceblast (10)
Scrolls
 d - 5 scrolls of teleportation
 h - a scroll of fear
 i - 3 scrolls of amnesia
 p - a scroll of enchant weapon
 t - a scroll of silence
 u - 2 scrolls of brand weapon
 w - a scroll of noise
 y - a scroll of immolation {unknown}
Potions
 f - a potion of attraction
 k - 2 potions of brilliance {unknown}
 l - a potion of cancellation {unknown}
 m - 3 potions of curing {unknown}
 o - 2 potions of mutation {unknown}
 q - a potion of resistance
 r - a potion of degeneration {unknown}
 s - a potion of heal wounds {unknown}


   Skills:
 - Level 2.0 Fighting
 + Level 6.0 Short Blades
 - Level 2.0 Throwing
 - Level 1.0 Dodging
 - Level 10.0 Stealth
 + Level 0.8 Spellcasting
 + Level 1.0 Hexes


You had 4 spell levels left.
You knew the following spells:

 Your Spells              Type           Power      Damage    Failure   Level
a - Dazzling Flash        Conj/Hex       4%         N/A       54%         3

Your spell library contained the following spells:

 Spells                   Type           Power      Damage    Failure   Level
 Iskenderun's Mystic Bla  Conj/Tloc      0%         2d3       95%         4
 Starburst                Conj/Fire      0%         6d3       100%        6


Dungeon Overview and Level Annotations

Branches:
Dungeon (6/15)
 Temple: D:4-7

Altars:
Uskayaw
The Shining One


Innate Abilities, Weirdness & Mutations

You cannot wear most types of armour.
You are amphibious.
You can wear up to eight rings at the same time.
Your skin changes colour to match your surroundings (Stealth+).
Your rubbery body absorbs attacks. (AC +1, EV +1)
((You are camouflaged near water. (Stealth+)))
You have tentacles for arms and can constrict up to eight enemies at once.


Message History

You closely miss the sky beast.
The sky beast flickers out of sight!
Deactivating autopickup; reactivate with Ctrl-A.
Something hits you. Something shocks you.
No target in view!
No target in view!
No target in view!
No target in view!
No target in view!
No target in view!
No target in view!
No target in view!
No target in view!
No target in view!
No target in view!
No target in view!
No target in view!
No target in view!
You miss something. You hit something. You freeze something.
Your squeeze misses something. Something hits you. Something shocks you.
You hit something. You freeze something. Something hits you.
Something shocks you.
You closely miss something. You barely miss something. Something hits you.
Something shocks you.
* * * LOW HITPOINT WARNING * * *
You closely miss something. Something hits you.
* * * LOW HITPOINT WARNING * * *
Something shocks you.
* * * LOW HITPOINT WARNING * * *
Okay, then.
Okay, then.
Aiming: Iceblast
Press: ? - help, Shift-Dir - straight line, f - you
Okay, then.
It was a potion of attraction.
You feel attractive to monsters. Something hits you.
* * * LOW HITPOINT WARNING * * *
Something shocks you.
You die...

#...^###...### #.....##
#.....## ....# ##......
# ##..# #..#### ..
#..## #..# ...# #...###
#..# # #....##.....###
#..####
#.....{......#####.#...
#.....@................
##.....(#######......##
...#.##..# ###...### #
.. ##.. #.##.## ## ##.#
#####.# #. ### #. ##


There were no monsters in sight!

Vanquished Creatures
  A water moccasin (D:5)
  A necrophage (D:5)
  An ogre (D:6)
  A phantom (D:3)
  A scorpion (D:4)
  2 hounds
  A jelly (D:4)
  Jessica (D:2)
  Natasha (thrice) (D:3)
  A hound skeleton (D:5)
  7 adders
  An ufetubus (D:6)
  An adder skeleton (D:4)
  4 worms
  4 dart slugs
  2 orcs
  8 endoplasms
  3 giant cockroaches
  9 goblins
  7 hobgoblins
  6 jackals
  6 quokkas
  8 ball pythons
  4 bats
  5 frilled lizards
  5 kobolds
  6 rats
99 creatures vanquished.

Notes
Turn   | Place    | Note
-------+----------+-------------------------------------------
     0 | D:1      | Delamore the Octopode Brigand began the quest for the Orb.
     0 | D:1      | Reached XP level 1. HP: 14/14 MP: 1/1
    76 | D:1      | Reached XP level 2. HP: 5/19 MP: 2/2
   439 | D:1      | Reached skill level 6 in Stealth
   711 | D:1      | Reached XP level 3. HP: 24/24 MP: 3/3
  1188 | D:2      | Reached skill level 7 in Stealth
  1188 | D:2      | Reached XP level 4. HP: 29/29 MP: 4/4
  1236 | D:2      | Noticed Jessica
  1242 | D:2      | Killed Jessica
  1301 | D:2      | Reached XP level 5. HP: 34/34 MP: 5/5
  1310 | D:2      | Found a faded altar of an unknown god.
  1624 | D:3      | Reached skill level 8 in Stealth
  1729 | D:3      | Noticed a phantom
  1792 | D:3      | Noticed Natasha
  1796 | D:3      | Killed Natasha
  2069 | D:4      | Noticed a necrophage
  2198 | D:4      | Reached XP level 6. HP: 39/39 MP: 6/6
  2348 | D:4      | Reached skill level 9 in Stealth
  2378 | D:4      | Learned a level 3 spell: Dazzling Flash
  2747 | D:5      | Entered Level 5 of the Dungeon
  2747 | D:5      | Noticed a water moccasin
  2759 | D:5      | Killed a water moccasin
  2813 | D:3      | Reached XP level 7. HP: 24/45 MP: 7/7
  3001 | D:3      | Reached skill level 10 in Stealth
  3040 | D:3      | Noticed Natasha
  3200 | D:3      | Killed Natasha
  3228 | D:3      | Reached skill level 5 in Short Blades
  3271 | D:3      | Noticed Natasha
  3279 | D:3      | Killed Natasha
  3776 | D:5      | Found a glowing golden altar of the Shining One.
  3776 | D:5      | Found a hide-covered altar of Uskayaw.
  4084 | D:6      | Reached skill level 1 in Hexes
  4202 | D:6      | Slain by a sky beast

Illustrated notes

Levels and vault maps discovered:
D:1:      tarquinn_simple_flora_water_d, layout_rooms, nrook_mini_vaults,
          minivault_11
D:2:      layout_rooms, shapermc_ecumenical_altar_ellora, serial_bayou_pond_b,
          uniq_jessica
D:3:      layout_rooms, uniq_natasha
D:4:      layout_loops_ring, grunt_decor_mini_mirrors
D:5:      layout_gridville, gammafunk_temple_overflow_pools,
          cheibrodos_sewer_entry_drain, st_stairs_13
D:6:      layout_layer_cave, minmay_temple_entry_large_hall

Skill      XL: |  1  2  3  4  5  6  7 |
---------------+----------------------+-----
Stealth        | 6 7 8 9 10 | 10.0
Short Blades   | 3 4 6 |  6.0
Hexes          | 1 |  1.0
Fighting       | |  2.0
Throwing       | |  2.0
Dodging        | |  1.0
Spellcasting   | |  0.8

Action                   |  1- 3 |  4- 6 |  7- 9 || total
-------------------------+-------+-------+-------++-------
Melee: Dagger            |    30 |       |    15 ||    45
       Constrict         |     9 |    13 |     8 ||    30
       Tentacles         |     5 |    10 |     9 ||    24
       Short sword       |    24 |    71 |    47 ||   142
Throw: Dart              |     1 |     1 |       ||     2
  Use: Scroll            |     4 |       |     6 ||    10
       Potion            |       |     1 |     1 ||     2
 Stab: Sleeping          |    17 |    19 |     8 ||    44
       Distracted        |       |       |     1 ||     1
Armor: Skin              |       |     4 |     1 ||     5
Dodge: Dodged            |    15 |    28 |    15 ||    58
